 Dungeon Crawl Stone Soup version 0.21-a0-404-g291f19a (webtiles) character file.

12225 Testash the Cleaver (level 11, -1/72 HPs)
             Began as a Gargoyle Berserker on Oct 26, 2017.
             Was a High Priest of Trog.
             Splashed by an oklob plant's acid (12 damage)
             ... on level 2 of the Lair of Beasts.
             The game lasted 00:11:02 (10819 turns).

Testash the Cleaver (Gargoyle Berserker)           Turns: 10819, Time: 00:11:03

Health: -1/72      AC: 16    Str: 24    XL:     11   Next: 90%
Magic:  11/11      EV:  8    Int:  8    God:    Trog [*****.]
Gold:   508        SH:  0    Dex:  9    Spells: 10/10 levels left

rFire    . . .     SeeInvis .   Y - +6 war axe (freeze) (curse)
rCold    . . .     Gourm    .   (no shield)
rNeg     + . .     Faith    .   c - +0 plate armour
rPois    ∞         Spirit   .   i - +0 helmet
rElec    +         Reflect  .   (no cloak)
rCorr    .         Harm     .   l - +0 pair of gloves
MR       .....                  (no boots)
Stlth    ..........             (no amulet)
HPRegen  0.22/turn              (no ring)
MPRegen  0.12/turn              (no ring)

@: corroded, berserk cooldown, flying (expiring), slowed, very slow
A: negative energy resistance 1, electricity resistance, unbreathing,
petrification resistance, rot immunity, AC +8
a: Berserk, Trog's Hand, Brothers in Arms, Burn Spellbooks, Renounce Religion


You were on level 2 of the Lair of Beasts.
You worshipped Trog.
Trog was extremely pleased with you.
You were hungry.

You visited 2 branches of the dungeon, and saw 11 of its levels.

You collected 508 gold pieces.


Innate Abilities, Weirdness & Mutations

You are resistant to torment.
Your stone body is resilient. (AC +8)
You are immune to poison.
You resist negative energy. (rN+)
You are resistant to electric shocks. (rElec)
You can survive without breathing.
You are immune to petrification.
You are immune to rotting.


   Skills:
 - Level 10.0 Fighting
 - Level 13.0 Axes
 + Level 9.0 Armour
 - Level 2.7 Dodging


You had 10 spell levels left.
You didn't know any spells.

Inventory:

Hand Weapons
 o - the +2 flail of the Sky {pain, rF+ MR+ Int+2 Dex-2, unknown}
   (You found it on level 9 of the Dungeon)

   In the hands of one skilled in necromantic magic, it inflicts extra damage on
   living creatures.
   It affects your intelligence (+2).
   It affects your dexterity (-2).
   It protects you from fire.
   It affects your resistance to hostile enchantments.
 u - a +0 flail
 Y - a cursed +6 war axe of freezing (weapon)
Missiles
 j - 5 tomahawks (quivered)
Armour
 c - a +0 plate armour (worn)
 i - a +0 helmet (worn)
 l - a +0 pair of gloves (worn)
Jewellery
 n - an uncursed ring of fire
Wands
 g - a wand of polymorph (8/24)
Scrolls
 a - 2 scrolls of identify
 k - 4 scrolls of recharging
 r - 2 scrolls of teleportation
Potions
 b - 2 potions of might
 f - 3 potions of heal wounds
 h - a potion of resistance
 m - 3 potions of cancellation
 p - 2 potions of haste
 q - 5 potions of curing
 s - 2 potions of mutation
Comestibles
 d - 11 bread rations
 e - 12 fruits
 t - 7 meat rations
 x - a royal jelly

Dungeon Overview and Level Annotations

Branches:
Dungeon (9/15)             Temple (0/1) D:4            Lair (2/6) D:9
  Swamp: Lair:2-4    Shoals: Lair:2-4     Snake: Lair:2-4    Spider: Lair:2-4
    Orc: D:9-12

Altars:
Ashenzari
Gozag
Hepliaklqana
Qazlal
Trog
Vehumet

Annotations:
D:5 1 runed door


Message History

You are feeling hungry.
That dragonfruit was delicious!
You feel a strong urge to attack something.
You are starting to lose your buoyancy.
Your ogre hits the bush with a giant club!
Your ogre hits the bush but does no damage.
You feel your anger nearly subside.
You are no longer berserk.
You are exhausted.
You feel yourself slow down.
Your ogre hits the bush with a giant club!!
Your ogre hits the bush with a giant club!
The oklob plant spits acid at you. The splash of acid hits you!
The acid corrodes you!
You are splashed with acid!
The acid burns!
10819 ||| DRINKING 4 potions of heal wounds.
You feel much better.
Your ogre hits the bush with a giant club!!
The oklob plant spits acid at you. The splash of acid hits you!
You are splashed with acid!
The acid burns!
You die...

........P# #
........P #..
.......# ...
......#
#..PPP...P#
#.%PPP(..#
#..PPP..###
##..O@.P..###
#...........#
...+..........##
##P.%..........#
##...........##
#P.......<...#
#...........##
##..........P#
##.#.##+##.##


You could see an oklob plant and a friendly ogre (berserk).

Vanquished Creatures
  4 two-headed ogres
  The ghost of zodiak12 the Skirmisher, a novice DrAE (D:8)
  A centaur skeleton (D:8)
  A black mamba (Lair:1)
  A troll (D:7)
  A hornet (D:9)
  Prince Ribbit (D:6)
  3 hippogriffs
  5 blink frogs (Lair:1)
  A spriggan (D:7)
  Eustachio (D:5)
  15 yaks
  A hungry ghost (D:7)
  Edmund (D:6)
  Duvessa (D:5)
  A water moccasin (Lair:1)
  6 porcupines
  2 black bears (D:9)
  An orc warrior (D:9)
  2 ice beasts
  An eye of draining (D:8)
  A phantom (D:5)
  A centaur (D:7)
  An ogre (D:5)
  3 crocodiles
  2 big kobolds (D:8)
  5 bullfrogs
  Dowan (D:5)
  A wyvern skeleton (D:7)
  A scorpion (D:4)
  4 killer bees (D:8)
  4 wights (D:9)
  2 howler monkeys (D:8)
  3 bullfrog zombies
  3 crimson imps
  2 orc priests
  9 orc wizards
  2 hounds
  6 worker ants
  A hound skeleton (D:7)
  4 gnolls (D:6)
  14 adders
  A shadow imp (D:5)
  An adder zombie (D:6)
  2 adder skeletons
  A worm (D:2)
  9 dart slugs
  2 leopard geckos
  29 orcs
  2 ball pythons (D:2)
  10 bats
  8 giant cockroaches
  4 goblins
  14 hobgoblins
  7 jackals
  5 quokkas
  7 frilled lizards
  26 kobolds
  A leopard gecko zombie (D:5)
  12 rats
  A fungus (D:9)
  A plant (D:9)
264 creatures vanquished.

Vanquished Creatures (others)
  37 fungi (D:9)
  19 plants (D:9)
56 creatures vanquished.

Grand Total: 320 creatures vanquished

Notes
Turn   | Place    | Note
-------+----------+-------------------------------------------
     0 | D:1      | Testash the Gargoyle Berserker began the quest for the Orb.
     0 | D:1      | Reached XP level 1. HP: 14/14 MP: 1/1
     0 | D:1      | 0 ||| counter = 4
   143 | D:1      | Reached skill level 3 in Axes
   222 | D:1      | Reached XP level 2. HP: 13/19 MP: 2/2
   671 | D:1      | Reached XP level 3. HP: 23/23 MP: 3/3
   699 | D:1      | 699 ||| DROPPING club.
  1076 | D:1      | Reached skill level 4 in Axes
  1092 | D:1      | Reached ** piety under Trog
  1315 | D:1      | 1315 ||| UPGRADING to ring mail.
  1325 | D:1      | 1325 ||| DROPPING +0 animal skin.
  1326 | D:1      | 1326 ||| UPGRADING to chain mail.
  1336 | D:1      | 1336 ||| DROPPING +0 ring mail.
  1337 | D:1      | 1337 ||| READING scroll labeled KUEGYCVAAF.
  1341 | D:1      | 1341 ||| READING 4 scrolls labeled PIBBIG FEXUM.
  1342 | D:1      | 1342 ||| READING 2 scrolls labeled EMUNOU KOGH.
  1343 | D:1      | 1343 ||| READING scroll labeled JIRIEG ICZATHRORE.
  1344 | D:1      | 1344 ||| READING scroll labeled HIAPTY EPAWIFRIQ.
  1345 | D:1      | 1345 ||| READING 3 scrolls of identify.
  1345 | D:1      | 1345 ||| IDENTIFYING twisted cabochon amulet
  1346 | D:1      | 1346 ||| DROPPING amulet of harm.
  1347 | D:1      | 1347 ||| READING 2 scrolls of identify.
  1347 | D:1      | 1347 ||| IDENTIFYING pearl ring
  1600 | D:2      | 1600 ||| INVOKING Berserk.
  1762 | D:2      | 1762 ||| INVOKING Berserk.
  1767 | D:2      | Reached XP level 4. HP: 15/28 MP: 4/4
  1847 | D:2      | 1847 ||| STAIRDANCE
  1954 | D:1      | 1954 ||| EATING 4 fruits.
  1955 | D:1      | 1955 ||| READING 2 scrolls of identify.
  1955 | D:1      | 1955 ||| IDENTIFYING fuming amethyst potion
  1967 | D:2      | Found an opulent altar of Gozag.
  2267 | D:2      | 2267 ||| INVOKING Berserk.
  2279 | D:2      | Reached skill level 5 in Axes
  2279 | D:2      | Reached XP level 5. HP: 32/32 MP: 5/5
  2284 | D:2      | 2284 ||| READING scroll of teleportation.
  2390 | D:2      | 2390 ||| INVOKING Berserk.
  2579 | D:2      | Found a radiant altar of Vehumet.
  2816 | D:2      | 2816 ||| UPGRADING to pair of gloves.
  2821 | D:2      | 2821 ||| READING scroll labeled TAXTOPE XOANK.
  2822 | D:2      | 2822 ||| DRINKING 2 golden potions.
  2823 | D:2      | 2823 ||| READING 2 scrolls of identify.
  2823 | D:2      | 2823 ||| IDENTIFYING metallic white potion
  2841 | D:3      | 2841 ||| STAIRDANCE
  2848 | D:3      | 2848 ||| STAIRDANCE
  2857 | D:3      | 2857 ||| STAIRDANCE
  2901 | D:3      | Reached *** piety under Trog
  2998 | D:3      | 2998 ||| DROPPING whip.
  3191 | D:3      | Found a shattered altar of Ashenzari.
  3233 | D:3      | Reached XP level 6. HP: 37/38 MP: 6/6
  3242 | D:3      | 3242 ||| DROPPING uncursed whip of venom.
  3541 | D:3      | 3541 ||| DRINKING 3 grey potions.
  3542 | D:3      | 3542 ||| READING 4 scrolls of identify.
  3542 | D:3      | 3542 ||| IDENTIFYING agate ring
  3543 | D:3      | 3543 ||| DROPPING ring of magical power.
  3544 | D:3      | 3544 ||| READING 3 scrolls of identify.
  3544 | D:3      | 3544 ||| IDENTIFYING fuming ruby potion
  3545 | D:3      | 3545 ||| READING 2 scrolls of identify.
  3545 | D:3      | 3545 ||| IDENTIFYING fuming green potion
  3546 | D:3      | 3546 ||| DROPPING potion of lignification.
  3547 | D:3      | 3547 ||| DROPPING 2 potions of degeneration.
  3652 | D:4      | Found a staircase to the Ecumenical Temple.
  3944 | D:4      | Reached skill level 6 in Axes
  4223 | D:4      | Reached skill level 3 in Armour
  4360 | D:4      | Found a stormy altar of Qazlal.
  4430 | D:4      | 4430 ||| SWAPPING to war axe.
  4431 | D:4      | 4431 ||| DROPPING +0 hand axe.
  4644 | D:4      | 4644 ||| READING 4 scrolls labeled GOXAPU MEDWEW.
  4645 | D:4      | 4645 ||| READING 3 scrolls of enchant weapon.
  4645 | D:4      | 4645 ||| ENCHANTING cursed +1 war axe.
  4646 | D:4      | 4646 ||| READING 2 scrolls of enchant weapon.
  4646 | D:4      | 4646 ||| ENCHANTING cursed +2 war axe.
  4647 | D:4      | 4647 ||| READING scroll of enchant weapon.
  4647 | D:4      | 4647 ||| ENCHANTING cursed +3 war axe.
  4648 | D:4      | 4648 ||| DRINKING 3 bubbling dark potions.
  4676 | D:4      | 4676 ||| READING 2 scrolls of identify.
  4676 | D:4      | 4676 ||| IDENTIFYING smoky inky potion
  4677 | D:4      | 4677 ||| DROPPING 2 potions of berserk rage.
  4699 | D:5      | Entered Level 5 of the Dungeon
  4699 | D:5      | Noticed an ice beast
  4700 | D:5      | 4700 ||| INVOKING Berserk.
  4706 | D:5      | Killed an ice beast
  4706 | D:5      | Reached XP level 7. HP: 43/43 MP: 7/7
  4716 | D:5      | 4716 ||| EATING royal jelly.
  5021 | D:5      | 5021 ||| INVOKING Burn Spellbooks.
  5030 | D:5      | Noticed Eustachio
  5044 | D:5      | 5044 ||| INVOKING Berserk.
  5047 | D:5      | Killed Eustachio
  5047 | D:5      | Reached skill level 7 in Axes
  5048 | D:5      | 5048 ||| EATING 5 fruits.
  5192 | D:5      | 5192 ||| EATING 4 fruits.
  5285 | D:5      | Noticed Duvessa
  5286 | D:5      | Noticed Dowan
  5296 | D:5      | Killed Duvessa
  5301 | D:5      | Killed Dowan
  5301 | D:5      | Reached XP level 8. HP: 47/49 MP: 8/8
  5316 | D:5      | 5316 ||| STAIRDANCE
  5360 | D:4      | 5360 ||| READING scroll labeled AWIMUSHR KYADOA.
  5361 | D:4      | 5361 ||| READING scroll of identify.
  5361 | D:4      | 5361 ||| IDENTIFYING iron ring
  5362 | D:4      | 5362 ||| DROPPING ring of flight.
  5571 | D:5      | 5571 ||| INVOKING Berserk.
  5573 | D:5      | Reached skill level 8 in Axes
  5574 | D:5      | 5574 ||| EATING 3 fruits.
  5849 | D:5      | Found a runed door.
  5992 | D:5      | 5992 ||| EATING 2 fruits.
  6197 | D:5      | 6197 ||| READING scroll labeled KIPLEE SYNI.
  6220 | D:6      | 6220 ||| STAIRDANCE
  6366 | D:6      | 6366 ||| INVOKING Burn Spellbooks.
  6366 | D:6      | Reached **** piety under Trog
  6370 | D:6      | Noticed Prince Ribbit
  6374 | D:6      | 6374 ||| INVOKING Berserk.
  6382 | D:6      | Killed Prince Ribbit
  6382 | D:6      | Reached skill level 6 in Fighting
  6739 | D:6      | Noticed Edmund
  6790 | D:6      | Killed Edmund
  6791 | D:6      | 6791 ||| STAIRDANCE
  6883 | D:5      | 6883 ||| UPGRADING to helmet.
  6888 | D:5      | 6888 ||| READING scroll labeled KALOLO OPSAELL.
  7134 | D:7      | Found a bloodstained altar of Trog.
  7166 | D:7      | 7166 ||| INVOKING Berserk.
  7172 | D:7      | Reached XP level 9. HP: 56/56 MP: 9/9
  7173 | D:7      | 7173 ||| EATING fruit.
  7198 | D:7      | 7198 ||| EATING 4 bread rations.
  7220 | D:7      | Noticed a troll
  7224 | D:7      | 7224 ||| INVOKING Berserk.
  7229 | D:7      | Killed a troll
  7229 | D:7      | Reached skill level 9 in Axes
  7632 | D:7      | Found a hazy altar of Hepliaklqana.
  7849 | D:7      | 7849 ||| EATING 5 meat rations.
  8108 | D:8      | Reached skill level 10 in Axes
  8143 | D:8      | Noticed a two-headed ogre
  8145 | D:8      | 8145 ||| INVOKING Berserk.
  8147 | D:8      | Killed a two-headed ogre
  8147 | D:8      | Reached skill level 9 in Fighting
  8147 | D:8      | Reached XP level 10. HP: 66/66 MP: 10/10
  8191 | D:8      | 8191 ||| READING scroll of enchant weapon.
  8191 | D:8      | 8191 ||| ENCHANTING cursed +4 war axe of freezing.
  8268 | D:8      | Reached skill level 6 in Armour
  8287 | D:8      | 8287 ||| INVOKING Berserk.
  8381 | D:8      | Noticed zodiak12's ghost (novice DrAE)
  8394 | D:8      | 8394 ||| INVOKING Berserk.
  8409 | D:8      | 8409 ||| READING 3 scrolls of teleportation.
  8410 | D:8      | Killed zodiak12's ghost
  8496 | D:8      | 8496 ||| READING scroll of enchant weapon.
  8496 | D:8      | 8496 ||| ENCHANTING cursed +5 war axe of freezing.
  8619 | D:8      | Noticed a two-headed ogre
  8627 | D:8      | 8627 ||| INVOKING Berserk.
  8630 | D:8      | Killed a two-headed ogre
  8630 | D:8      | Reached skill level 11 in Axes
  8827 | D:8      | 8827 ||| UPGRADING to plate armour.
  8837 | D:8      | 8837 ||| DROPPING +0 chain mail.
  8838 | D:8      | 8838 ||| READING 2 scrolls labeled KIEPLOR DAHUEGGY.
  8839 | D:8      | 8839 ||| DRINKING 2 sedimented silvery potions.
  8840 | D:8      | 8840 ||| READING 2 scrolls of identify.
  8840 | D:8      | 8840 ||| IDENTIFYING fizzy silvery potion
  8841 | D:8      | 8841 ||| DROPPING potion of magic.
  8842 | D:8      | 8842 ||| DROPPING scroll of blinking.
  8859 | D:9      | Reached ***** piety under Trog
  8904 | D:9      | Noticed a two-headed ogre
  8908 | D:9      | 8908 ||| INVOKING Berserk.
  8910 | D:9      | Killed a two-headed ogre
  8985 | D:9      | 8985 ||| INVOKING Berserk.
  9078 | D:9      | Reached XP level 11. HP: 69/71 MP: 11/11
  9097 | D:9      | 9097 ||| STAIRDANCE
  9138 | D:9      | 9138 ||| STAIRDANCE
  9143 | D:8      | Reached skill level 9 in Armour
  9146 | D:9      | 9146 ||| STAIRDANCE
  9293 | D:9      | Found a staircase to the Lair.
  9479 | D:9      | Noticed a two-headed ogre
  9483 | D:9      | 9483 ||| INVOKING Berserk.
  9487 | D:9      | Killed a two-headed ogre
  9529 | D:9      | 9529 ||| EATING 4 fruits.
  9665 | D:9      | Got an encrusted flail
  9806 | D:9      | Found a radiant altar of Vehumet.
  9883 | D:9      | 9883 ||| READING scroll labeled LIEFOMOLIJ.
  9884 | D:9      | 9884 ||| READING 2 scrolls of identify.
  9884 | D:9      | 9884 ||| IDENTIFYING fuming black potion
  9920 | Lair:1   | Entered Level 1 of the Lair of Beasts
  9921 | Lair:1   | 9921 ||| Entered L.
  9987 | Lair:1   | Reached skill level 12 in Axes
 10123 | Lair:1   | 10123 ||| INVOKING Berserk.
 10447 | Lair:1   | 10447 ||| INVOKING Berserk.
 10543 | Lair:1   | 10543 ||| INVOKING Berserk.
 10558 | Lair:1   | 10558 ||| READING 3 scrolls of teleportation.
 10559 | Lair:1   | Reached skill level 13 in Axes
 10790 | Lair:1   | 10790 ||| DRINKING 2 viscous white potions.
 10791 | Lair:1   | 10791 ||| DROPPING potion of flight.
 10806 | Lair:2   | Noticed an oklob plant
 10807 | Lair:2   | 10807 ||| INVOKING Brothers in Arms.
 10814 | Lair:2   | 10814 ||| INVOKING Berserk.
 10815 | Lair:2   | 10815 ||| EATING 13 fruits.
 10818 | Lair:2   | HP: 11/72 [acid (11)]
 10819 | Lair:2   | 10819 ||| DRINKING 4 potions of heal wounds.
 10819 | Lair:2   | Splashed by an oklob plant's acid

Vault maps used:
D:1:      minmay_arrival_four_circles, kennysheep_decorative_pillar,
          minmay_misc_feat_square, hex_large
D:2:      marbit_many_paths, nicolae_gozag_cash_rules_everything_around_me
D:3:      overflow_temple_1_default
D:4:      minmay_temple_entry_crystal_x, first_bread, minmay_statues_item,
          grunt_qazlal_sundering
D:5:      serial_bayou_pond_b, moated_statue, uniq_eustachio, uniq_duvessa,
          uniq_crazy_yiuf_cottage
D:6:      uniq_prince_ribbit1, uniq_edmund
D:7:      overflow_temple_1_default, basic_altar, the_bakery
D:9:      due_lair_maze_entry_diamond, vehumet_altar_wand_db
Lair:1:   lemuel_fruit_fields
Lair:2:   minmay_lair_oklob_bushes, serial_bayou_shore_b, lemuel_fruit_tree,
          uniq_gastronok, uniq_sonja

Skill      XL: |  1  2  3  4  5  6  7  8  9 10 11 |
---------------+----------------------------------+-----
Axes           | 3 4 5 6 7 8 10 11 13 | 13.0
Fighting       | 4 5 6 9 10 | 10.0
Armour         | 3 4 5 8 9 |  9.0
Dodging        | 2 |  2.7

Action                   |  1- 3 |  4- 6 |  7- 9 | 10-12 || total
-------------------------+-------+-------+-------+-------++-------
Melee: Hand axe          |   137 |   280 |       |       ||   417
       War axe           |       |     6 |   147 |   260 ||   413
Throw: Tomahawk          |    11 |    50 |    56 |    56 ||   173
Invok: Berserk           |     2 |     3 |     6 |    10 ||    21
       Burn Spellbooks   |       |       |     2 |       ||     2
       Brothers in Arms  |       |       |       |     1 ||     1
  Use: Scroll            |     7 |    12 |     4 |     8 ||    31
       Potion            |       |     3 |       |     3 ||     6
  Eat: Chunk             |     4 |    11 |     9 |    17 ||    41
       Fruit             |       |     1 |     5 |     2 ||     8
       Royal jelly       |       |       |     1 |       ||     1
       Bread ration      |       |       |     1 |       ||     1
Armor: Animal skin       |    14 |       |       |       ||    14
       Chain mail        |    40 |   192 |    83 |    32 ||   347
       Plate armour      |       |       |       |   112 ||   112
Dodge: Dodged            |    67 |   129 |    55 |   101 ||   352

Table legend:
 A = Spawn XP
 B = Non-spawn XP
 C = Spawn XP percentage of total XP
 D = Spawn monster count
 E = Non-spawn monster count
 F = Spawn count percentage of total count
 G = Total turns spent on level
                    A         B        C        D         E        F      G
               +---------+---------+-------+---------+---------+-------+---------
         Total |       0 |   17465 |   0.0 |       0 |     262 |   0.0 | 10819
               +---------+---------+-------+---------+---------+-------+---------
           D:1 |       0 |      54 |   0.0 |       0 |      26 |   0.0 |  1477
           D:2 |       0 |     202 |   0.0 |       0 |      41 |   0.0 |  1388
           D:3 |       0 |      79 |   0.0 |       0 |      28 |   0.0 |   716
           D:4 |       0 |     249 |   0.0 |       0 |      14 |   0.0 |  1165
           D:5 |       0 |     936 |   0.0 |       0 |      13 |   0.0 |  1638
           D:6 |       0 |     777 |   0.0 |       0 |      19 |   0.0 |   750
           D:7 |       0 |    1224 |   0.0 |       0 |      17 |   0.0 |   964
           D:8 |       0 |    4684 |   0.0 |       0 |      46 |   0.0 |   838
           D:9 |       0 |    3998 |   0.0 |       0 |      32 |   0.0 |   984
        Lair:1 |       0 |    5262 |   0.0 |       0 |      26 |   0.0 |   886
               +---------+---------+-------+---------+---------+-------+---------
